 Dungeon Crawl Stone Soup version 0.24.0-123-gd5b16e6ec5 (webtiles) character file.

Game seed: 387939779279483012, levelgen mode: deterministic

2008 mortelune the Carver (level 9, -1/121 HPs)
             Began as a Minotaur Monk on Dec 27, 2019.
             Was an Initiate of Gozag.
             Succumbed to a hornet's poison
             ... on level 7 of the Dungeon.
             The game lasted 00:11:41 (7492 turns).

mortelune the Carver (Minotaur Monk)                Turns: 7492, Time: 00:11:42

Health: -1/121     AC: 24    Str: 19    XL:     9   Next: 2%
Magic:  8/8        EV:  2    Int:  7    God:    Gozag
Gold:   372        SH:  3    Dex: 13    Spells: 8/8 levels left

rFire    . . .     SeeInvis .   a - +0 falchion
rCold    . . .     Gourm    .   E - +0 buckler
rNeg     + + +     Faith    .   (armour currently unavailable)
rPois    +         Spirit   .   (helmet currently unavailable)
rElec    .         Reflect  .   (cloak currently unavailable)
rCorr    .         Harm     .   (gloves currently unavailable)
MR       .....     NoTele   +   (boots currently unavailable)
Stlth    ++........             (no amulet)
HPRegen  0.30/turn              (no ring)
MPRegen  0.11/turn              (no ring)

@: lethally poisoned (-1 -> -11), tree-form, slowed, studying Necromancy, very
slow
A: (retaliatory headbutt)
a: Potion Petition, Call Merchant, Bribe Branch, Renounce Religion


You were on level 7 of the Dungeon.
You worshipped Gozag.
Gozag was aware of your devotion.
You were near starving.
You were a tree.
You visited 1 branch of the dungeon, and saw 7 of its levels.

You collected 832 gold pieces.
You paid 460 gold pieces to Gozag.

Inventory:

Hand Weapons
 a - a +0 falchion (weapon)
Armour
 b - a +0 robe
 d - a +0 ring mail
 x - a +0 cloak (melded)
 z - a +0 plate armour (melded)
 E - a +0 buckler (worn)
Jewellery
 v - an uncursed ring of wizardry {unknown}
Wands
 D - a wand of scattershot (5)
Scrolls
 h - a scroll of immolation {unknown}
 i - a scroll of enchant weapon {unknown}
 j - 2 scrolls of enchant armour {unknown}
 k - 8 scrolls of identify {unknown}
 n - 3 scrolls of remove curse {unknown}
 o - 4 scrolls of teleportation {unknown}
 q - 2 scrolls of noise {unknown}
 r - a scroll of random uselessness {unknown}
 s - 2 scrolls of amnesia {unknown}
 t - a scroll of fear {unknown}
 y - a scroll of blinking {unknown}
 A - a scroll of vulnerability {unknown}
Potions
 e - 2 potions of flight
 f - a potion of degeneration {unknown}
 l - a potion of mutation {unknown}
 m - 2 potions of lignification
 p - a potion of cancellation {unknown}
 u - 2 potions of brilliance {unknown}
 B - a potion of might {unknown}
Books
 w - a manual of Necromancy
Comestibles
 c - 8 rations


   Skills:
 + Level 7.9 Fighting
 * Level 10.5 Long Blades
 + Level 6.8 Armour
 - Level 3.2 Dodging
 - Level 1.5 Stealth


You had 8 spell levels left.
You didn't know any spells.
Your spell library was empty.

Dungeon Overview and Level Annotations

Branches:
Dungeon (7/15)
 Temple: D:4-7

Altars:
Dithmenos
Gozag
Hepliaklqana
Okawaru
Qazlal
Sif Muna
Vehumet
Wu Jian
Zin
Beogh

Annotations:
D:3 3 runed translucent doors, LifeIsToil's ghost, amateur MiGl
D:5 1 transporter, Sobieck's ghost, amateur DDFi
D:7 2 transporters, Esos's ghost, novice DgIE


Innate Abilities, Weirdness & Mutations

((You reflexively headbutt those who attack you in melee.))
((You have a pair of horns on your head.))


Message History

The hornet is severely wounded.
You feel sick.
The hornet stings you but does no damage. x2
You miss the hornet.
The hornet is severely wounded.
The hornet stings you.
* * * LOW HITPOINT WARNING * * *
The hornet stings you but does no damage.
You closely miss the hornet.
The hornet is severely wounded.
* * * LOW HITPOINT WARNING * * *
You feel sick.
The hornet stings you but does no damage.
The hornet stings you.
* * * LOW HITPOINT WARNING * * *
You are more poisoned.
You hit the hornet.
The hornet is severely wounded.
You die...
Your body crumbles into a pile of gold.

.....####..#
...........#
.....####.## ##
....#####)######.#
### $
................#
...#
.....©.......#.###..
$
############..#.#.#
###yy©y?#####..#y#
..y#.W.#W.%###.#♣#
.#..###..#Wy##.#.#
...#y..#.y.###.#.#
###..#..### #....#
...#. .#...###.###
.#..###..#.y##.#
.#$#..W#.#y###.# ##
..yyy#####..#
############..##


You could see a hornet.

Vanquished Creatures
  Duvessa (D:7)
  2 ice beasts
  An ogre (D:5)
  4 centaurs
  3 bullfrogs
  Dowan (D:7)
  2 scorpions
  2 howler monkeys
  A bullfrog zombie (D:5)
  A crimson imp (D:6)
  3 orc priests
  A jelly (D:7)
  A bullfrog skeleton (D:6)
  6 hounds
  3 orc wizards
  Natasha (twice) (D:2)
  2 iguanas
  4 worker ants
  Robin (D:2)
  6 adders
  3 shadow imps
  2 oozes
  A worm (D:2)
  4 dart slugs
  3 leopard geckos
  13 orcs
  7 giant cockroaches
  10 goblins
  11 hobgoblins
  12 jackals
  12 kobolds
  2 quokkas (D:2)
  A ball python (D:1)
  11 bats
  5 frilled lizards
  A leopard gecko skeleton (D:5)
  9 rats
154 creatures vanquished.

Notes
Turn   | Place    | Note
-------+----------+-------------------------------------------
     0 | D:1      | mortelune the Minotaur Monk began the quest for the Orb.
     0 | D:1      | Reached XP level 1. HP: 19/19 MP: 0/0
   662 | D:1      | Reached skill level 4 in Long Blades
   789 | D:1      | Reached XP level 2. HP: 21/27 MP: 1/1
   951 | D:1      | Reached skill level 1 in Armour
  1661 | D:2      | Reached XP level 3. HP: 32/33 MP: 2/2
  2093 | D:2      | Reached skill level 5 in Long Blades
  2093 | D:2      | Reached XP level 4. HP: 36/40 MP: 3/3
  2095 | D:2      | Noticed Robin
  2109 | D:2      | Killed Robin
  2417 | D:2      | Noticed Natasha
  2425 | D:2      | Killed Natasha
  2454 | D:2      | Noticed Natasha
  2459 | D:2      | Killed Natasha
  2459 | D:2      | Reached XP level 5. HP: 47/47 MP: 4/4
  2480 | D:2      | Found an opulent altar of Gozag.
  2646 | D:2      | Became a worshipper of Gozag Ym Sagoz the Greedy
  2858 | D:3      | Found a runed translucent gate.
  2858 | D:3      | Found a runed translucent gate.
  2858 | D:3      | Found a runed translucent gate.
  2859 | D:3      | Noticed LifeIsToil's ghost (amateur MiGl)
  2867 | D:3      | Found a roughly hewn altar of Beogh.
  2867 | D:3      | Identified the +11 dagger "Rafuckatwo" {drain, +Blink MR+
                  | Dex-2}
  2950 | D:3      | Reached skill level 6 in Long Blades
  2979 | D:3      | Found a shimmering blue altar of Sif Muna.
  3298 | D:3      | Reached skill level 5 in Fighting
  3438 | D:3      | Found a radiant altar of Vehumet.
  3543 | D:3      | Reached XP level 6. HP: 41/56 MP: 5/5
  4048 | D:4      | Reached skill level 7 in Long Blades
  4282 | D:4      | Found an ornate altar of the Wu Jian Council.
  4440 | D:4      | Reached XP level 7. HP: 52/62 MP: 6/6
  4642 | D:5      | Entered Level 5 of the Dungeon
  5118 | D:5      | Reached skill level 8 in Long Blades
  5230 | D:5      | Reached skill level 5 in Armour
  5310 | D:5      | Found an iron altar of Okawaru.
  5635 | D:5      | Reached XP level 8. HP: 70/71 MP: 7/7
  5800 | D:5      | Noticed Sobieck's ghost (amateur DDFi)
  5801 | D:5      | Found a transporter.
  5859 | D:5      | Reached skill level 9 in Long Blades
  6182 | D:6      | Found an opulent altar of Gozag.
  6374 | D:6      | Found a shadowy altar of Dithmenos.
  6414 | D:6      | Found a stormy altar of Qazlal.
  6518 | D:6      | Found a hazy altar of Hepliaklqana.
  6596 | D:6      | Found a glowing silver altar of Zin.
  6773 | D:6      | Reached skill level 10 in Long Blades
  7238 | D:7      | Noticed Dowan
  7239 | D:7      | Noticed Duvessa
  7251 | D:7      | Noticed Esos's ghost (novice DgIE)
  7281 | D:7      | Killed Duvessa
  7290 | D:7      | Killed Dowan
  7290 | D:7      | Reached XP level 9. HP: 60/81 MP: 8/8
  7396 | D:7      | Found a transporter.
  7398 | D:7      | Found a transporter.
  7465 | D:7      | Paralysed by a hornet for 2 turns
  7471 | D:7      | Paralysed by a hornet for 3 turns
  7477 | D:7      | Paralysed by a hornet for 3 turns
  7489 | D:7      | HP: 6/121 [poisoned by a hornet]
  7491 | D:7      | HP: 2/121 [poisoned by a hornet]
  7492 | D:7      | Succumbed to a hornet's poison

Levels and vault maps discovered:
D:1:      lightli_arrival_quake, layout_loops_ring, minivault_19
D:2:      layout_rooms, serial_glass, glass_columns_b, glass_columns_a,
          minmay_strange_pillars, minmay_strange_pillars, item_on_display_b,
          nicolae_gozag_cash_rules_everything_around_me, uniq_robin,
          uniq_natasha
D:3:      layout_loops_ring, lemuel_coloured_pillars_altar, led_sif_book,
          biasface_ghost_orc_armoury, minmay_between
D:4:      layout_rooms, nicolae_overflow_crystal_walls
D:5:      layout_loops_ring, nicolae_overflow_hidden_temple, first_ration,
          gammafunk_ghost_smash, minmay_manual_mandibuliform
D:6:      layout_basic, lemuel_round_altar, lemuel_doored_altar,
          overflow_temple_1_default, kennysheep_little_box,
          nicolae_qazlal_eye_of_the_storm
D:7:      layout_loops_ring, gammafunk_temple_overflow_statue,
          minmay_temple_entry_glassed_door, gammafunk_ghost_hive, uniq_duvessa,
          uniq_joseph, uniq_crazy_yiuf_cottage

Skill      XL: |  1  2  3  4  5  6  7  8 |
---------------+-------------------------+-----
Long Blades    | 4 5 6 7 8 10 | 10.5
Armour         | 1 2 3 4 5 6 |  6.8
Fighting       | 4 5 6 7 |  7.9
Dodging        | |  3.2
Stealth        | |  1.5

Action                   |  1- 3 |  4- 6 |  7- 9 || total
-------------------------+-------+-------+-------++-------
Melee: Falchion          |    78 |   159 |   258 ||   495
       Headbutt          |    11 |    30 |    57 ||    98
Invok: Potion Petition   |       |     1 |     1 ||     2
  Use: Potion            |       |     1 |     5 ||     6
 Stab: Sleeping          |       |     1 |       ||     1
       Distracted        |       |       |     1 ||     1
  Eat: Chunk             |     3 |     3 |       ||     6
       Ration            |       |     1 |     3 ||     4
Armor: Ring mail         |    23 |    50 |    29 ||   102
       Plate armour      |       |       |    98 ||    98
       Skin              |       |       |     9 ||     9
Dodge: Dodged            |    54 |    99 |    98 ||   251
Block: Buckler           |       |       |     4 ||     4
       Rpst.: Falchion   |    21 |    18 |    27 ||    66
